 Dungeon Crawl Stone Soup version 0.31-a0-960-g0fca184906 (webtiles) character file.

Game seed: 4139077479098250687

397 croobank the Ducker (level 6, -5/53 HPs)
             Began as a Gnoll Monk on Oct 24, 2023.
             Killed from afar by a white imp (8 damage)
             ... with a puff of frost
             ... on level 6 of the Dungeon.
             The game lasted 00:07:16 (3708 turns).

croobank the Ducker (Gnoll Monk)                    Turns: 3708, Time: 00:07:17

Health: -5/53      AC:  3    Str: 10    XL:     6   Next: 83%
Magic:  0/18       EV: 14    Int: 12    God:
Gold:   326        SH:  0    Dex: 14    Spells: 9/9 levels left

rFire   . . .        a - +0 short sword
rCold   . . .        d - orb {light}
rNeg    . . .        g - +0 leather armour
rPois   .            (no helmet)
rElec   .            (no cloak)
rCorr   .            (no gloves)
SInv    +            (no boots)
Will    .....        r - amulet of guardian spirit
Stlth   +            b - ring of magical power
HPRegen 0.28/turn    o - ring of see invisible
MPRegen 0.16/turn

%: guardian spirit
@: hasted, glowing, very quick
A: fangs 1, strong nose, distributed training
a: no special abilities


You were on level 6 of the Dungeon.
You visited 1 branch of the dungeon, and saw 6 of its levels.

You collected 326 gold pieces.

Inventory:

Hand Weapons
 a - a +0 short sword (weapon)
 f - a +0 falchion of holy wrath
Armour
 d - an orb of light (worn)
 g - a +0 leather armour (worn)
Magical Staves
 y - a staff of cold
Jewellery
 b - a ring of magical power (left hand)
 o - a ring of see invisible (right hand)
 r - an amulet of guardian spirit (around neck)
 A - a ring of ice
Wands
 z - a wand of roots (3)
Scrolls
 e - a scroll of enchant armour {unknown}
 i - a scroll of revelation {unknown}
 l - 4 scrolls of blinking {unknown}
 n - 3 scrolls of teleportation {unknown}
 p - 5 scrolls of identify
 q - a scroll of immolation {unknown}
 u - a scroll of summoning {unknown}
 v - a scroll of brand weapon {unknown}
 C - a scroll of fear {unknown}
Potions
 c - 2 potions of ambrosia
 h - a potion of berserk rage
 j - a potion of cancellation {unknown}
 k - a potion of attraction {unknown}
 s - a potion of resistance {unknown}
 t - a potion of heal wounds {unknown}
 w - a potion of haste
 x - 2 potions of might {unknown}
 B - a potion of curing {unknown}


   Skills:
 + Level 6.9 Fighting
 + Level 6.9 Short Blades
 + Level 2.1 Long Blades
 + Level 2.1 Axes
 + Level 2.1 Maces & Flails
 + Level 2.1 Polearms
 + Level 2.1 Staves
 + Level 2.1 Ranged Weapons
 + Level 2.1 Throwing
 + Level 2.1 Armour
 + Level 6.9 Dodging
 + Level 2.1 Stealth
 + Level 2.1 Shields
 + Level 2.1 Unarmed Combat
 + Level 2.1 Spellcasting
 + Level 1.7 Conjurations
 + Level 1.7 Hexes
 + Level 1.7 Summonings
 + Level 1.7 Necromancy
 + Level 1.7 Translocations
 + Level 1.7 Transmutations
 + Level 1.7 Fire Magic
 + Level 1.7 Ice Magic
 + Level 1.7 Air Magic
 + Level 1.7 Earth Magic
 + Level 1.7 Poison Magic
 + Level 2.4 Invocations
 + Level 2.1 Evocations
 + Level 2.0 Shapeshifting


You had 9 spell levels left.
You didn't know any spells.
Your spell library contained the following spells:

 Spells                   Type           Power      Damage    Failure   Level
 Summon Small Mammal      Summ           20%        N/A       17%         1
 Call Canine Familiar     Summ           5%         N/A       45%         3
 Inner Flame              Hex/Fire       5%         N/A       45%         3
 Summon Guardian Golem    Hex/Summ       5%         N/A       45%         3
 Flame Wave               Conj/Fire      5%         2d5       86%         4
 Sticky Flame             Conj/Fire      5%         2d3       86%         4


Dungeon Overview and Level Annotations

Branches:
Dungeon (6/15)
 Temple: D:4-7

Altars:
Dithmenos
Kikubaaqudgha
Sif Muna
Trog
Xom
Yredelemnul
Zin

Shops:
D:2 [   D:5 :

Annotations:
D:5 Dowan, Duvessa
D:6 Prince Ribbit


Innate Abilities, Weirdness & Mutations

You have very sharp teeth.
Your uncanny sense of smell can sniff out nearby items.
Your experience applies equally to all skills.


Message History

The roots erupt in riotous growth!
Roots grab the hound.
Roots grab Prince Ribbit.
The grasping roots constrict Prince Ribbit.
The grasping roots constrict the hound.
You hear an angry growl.
You hear a shout! x2
The hound bites you but does no damage.
Prince Ribbit sighs, "It's not easy being green!"
The hound barely misses you.
You hit the hound.
You kill the hound!
The grasping roots constrict Prince Ribbit.
Prince Ribbit struggles to escape constriction.
Your Shapeshifting skill increases to level 2!
A black bear comes into view.
The grasping roots constrict Prince Ribbit!
The black bear growls angrily.
The roots release their grip on Prince Ribbit.
Prince Ribbit closely misses you. Prince Ribbit hits you!
You closely miss Prince Ribbit.
Prince Ribbit is heavily wounded.
Prince Ribbit hits you!
You closely miss Prince Ribbit. Your bite misses Prince Ribbit.
Prince Ribbit is heavily wounded.
Prince Ribbit hits you!
* * * LOW HITPOINT WARNING * * *
A centaur comes into view.
The centaur wields a +0 shortbow.
The centaur shoots an arrow.
The arrow hits you.
* * * LOW HITPOINT WARNING * * *
Prince Ribbit attacks as he pursues you!
Prince Ribbit hits you!
* * * LOW HITPOINT WARNING * * *
A white imp comes into view.
Prince Ribbit blinks!
It was a potion of haste.
You feel yourself speed up.
The white imp shouts!
The white imp shouts, "Slither away, thou bootless sow-suckled baggage!"
The white imp gestures at you. The puff of frost hits you!
You die...

∆ #. ≈≈~ #.#~F≈~≈≈ ≈≈≈
#.##.##.# .. #.##.##.#
.. ####.##.##.# .#
#.....h$...#..#
#.##.##.##.#..###. ∆
#.##...........
##.†....@..5##
#..########.# #.## #.#
#.# #.# #.# #.# #.#
##P# #.#
#.########..## #.#
#........_.P.# #.#
##.###.#.#.#....####.#
#..........#_.⌠.').#.#


You could see a black bear and a white imp.

Vanquished Creatures
  Edmund (D:6)
  2 hounds
  2 iguanas (D:6)
  4 adders
  4 gnolls (D:6)
  A white imp (D:3)
  3 worms
  A dart slug (D:5)
  2 orcs (D:5)
  3 ball pythons
  4 bats
  8 endoplasms
  A giant cockroach (D:1)
  14 goblins
  11 hobgoblins
  3 quokkas
  A frilled lizard (D:1)
  4 kobolds
  6 rats
75 creatures vanquished.

Notes
Turn   | Place    | Note
-------+----------+-------------------------------------------
     0 | D:1      | croobank the Gnoll Monk began the quest for the Orb.
     0 | D:1      | Reached XP level 1. HP: 23/23 MP: 1/1
   249 | D:1      | Reached XP level 2. HP: 29/29 MP: 2/2
   808 | D:2      | Found Nederela's Armour Emporium.
   837 | D:2      | Reached XP level 3. HP: 33/35 MP: 3/3
   946 | D:2      | Found a glowing silver altar of Zin.
  1308 | D:2      | Reached skill level 1 in Invocations
  1569 | D:3      | Reached skill level 1 in Long Blades
  1569 | D:3      | Reached skill level 1 in Axes
  1569 | D:3      | Reached skill level 1 in Maces & Flails
  1569 | D:3      | Reached skill level 1 in Polearms
  1569 | D:3      | Reached skill level 1 in Staves
  1569 | D:3      | Reached skill level 1 in Ranged Weapons
  1569 | D:3      | Reached skill level 1 in Throwing
  1569 | D:3      | Reached skill level 1 in Armour
  1569 | D:3      | Reached skill level 1 in Stealth
  1569 | D:3      | Reached skill level 1 in Shields
  1569 | D:3      | Reached skill level 1 in Unarmed Combat
  1569 | D:3      | Reached skill level 1 in Spellcasting
  1569 | D:3      | Reached skill level 1 in Evocations
  1589 | D:3      | Reached XP level 4. HP: 21/41 MP: 4/5
  1780 | D:3      | Reached skill level 1 in Shapeshifting
  1965 | D:3      | Found a faded altar of an unknown god.
  2230 | D:3      | Reached skill level 1 in Conjurations
  2230 | D:3      | Reached skill level 1 in Hexes
  2230 | D:3      | Reached skill level 1 in Summonings
  2230 | D:3      | Reached skill level 1 in Necromancy
  2230 | D:3      | Reached skill level 1 in Translocations
  2230 | D:3      | Reached skill level 1 in Transmutations
  2230 | D:3      | Reached skill level 1 in Fire Magic
  2230 | D:3      | Reached skill level 1 in Ice Magic
  2230 | D:3      | Reached skill level 1 in Air Magic
  2230 | D:3      | Reached skill level 1 in Earth Magic
  2230 | D:3      | Reached skill level 1 in Poison Magic
  2963 | D:4      | Found a bloodstained altar of Trog.
  2965 | D:4      | Found a basalt altar of Yredelemnul.
  2992 | D:4      | Reached XP level 5. HP: 45/47 MP: 7/7
  3097 | D:4      | Found a shimmering blue altar of Sif Muna.
  3136 | D:5      | Entered Level 5 of the Dungeon
  3174 | D:5      | Found Ytsyu's Vocational Training.
  3189 | D:5      | Noticed Dowan
  3190 | D:5      | Noticed Duvessa
  3190 | D:5      | Noticed a water moccasin
  3409 | D:6      | Noticed Edmund
  3437 | D:6      | Killed Edmund
  3438 | D:6      | Reached XP level 6. HP: 24/53 MP: 8/9
  3622 | D:6      | Found a shimmering altar of Xom.
  3622 | D:6      | Found a shadowy altar of Dithmenos.
  3622 | D:6      | Found an ancient bone altar of Kikubaaqudgha.
  3694 | D:6      | Noticed Prince Ribbit
  3700 | D:6      | Noticed a black bear
  3705 | D:6      | HP: 2/53 [Prince Ribbit (10)]
  3708 | D:6      | Killed from afar by a white imp

Illustrated notes

Levels and vault maps discovered:
D:1:      amcnicky_arrival_underground_garden, layout_basic,
          hangedman_abyss_or_decor_stabs
D:2:      layout_basic, serial_shops, shop, basic_altar
D:3:      cheibrodos_greedy_goblins, layout_basic,
          hellmonk_ecumenical_altar_run_dry
D:4:      layout_basic, mainiacjoe_overflow_catwalk, kennysheep_mini_moat,
          mainiacjoe_overflow_small_starburst, nicolae_figureground_pulse
D:5:      layout_rooms, nicolae_uskayaw_suspiria,
          mainiacjoe_overflow_cross_hatched, reono_crystal_passage,
          nicolae_shop_vocational, uniq_duvessa
D:6:      nicolae_whirlpool, layout_loops_ring, mainiacjoe_overflow_boulevard,
          gammafunk_temple_overflow_forgotten, temple_statues,
          uniq_prince_ribbit1, uniq_maggie, uniq_edmund

Skill      XL: |  1  2  3  4  5  6 |
---------------+-------------------+-----
Invocations    | 1 2 |  2.4
Long Blades    | 1 2 |  2.1
Axes           | 1 2 |  2.1
Maces & Flails | 1 2 |  2.1
Polearms       | 1 2 |  2.1
Staves         | 1 2 |  2.1
Ranged Weapons | 1 2 |  2.1
Throwing       | 1 2 |  2.1
Armour         | 1 2 |  2.1
Stealth        | 1 2 |  2.1
Shields        | 1 2 |  2.1
Unarmed Combat | 1 2 |  2.1
Spellcasting   | 1 2 |  2.1
Evocations     | 1 2 |  2.1
Shapeshifting  | 1 2 |  2.0
Conjurations   | 1 |  1.7
Hexes          | 1 |  1.7
Summonings     | 1 |  1.7
Necromancy     | 1 |  1.7
Translocations | 1 |  1.7
Transmutations | 1 |  1.7
Fire Magic     | 1 |  1.7
Ice Magic      | 1 |  1.7
Air Magic      | 1 |  1.7
Earth Magic    | 1 |  1.7
Poison Magic   | 1 |  1.7
Fighting       | |  6.9
Short Blades   | |  6.9
Dodging        | |  6.9

Action                     |  1- 3 |  4- 6 || total
---------------------------+-------+-------++-------
  Melee: Short sword       |   133 |   206 ||   339
         Bite              |    14 |    30 ||    44
  Throw: Throwing net      |       |     1 ||     1
  Evoke: Wand              |       |     5 ||     5
    Use: Potion            |       |     2 ||     2
         Scroll            |       |     1 ||     1
   Stab: Held in net/web   |       |     1 ||     1
 Armour: Leather armour    |    56 |    67 ||   123
  Dodge: Dodged            |    82 |    79 ||   161

Table legend: (Time is in decaauts)
 A = Elapsed time spent in this place.
 B = Non-inter-level travel time spent in this place.
 C = Inter-level travel time spent in this place.
 D = Time resting spent in this place.
 E = Time spent auto-exploring this place.
 F = Levels seen in this place.
 G = Mean time per level.
                   A        B        C        D        E       F      G
               +--------+--------+--------+--------+--------+-----+--------+
         Total |   3599 |   3515 |     84 |    278 |   2668 |   6 |  599.8 |
       Dungeon |   3599 |   3515 |     84 |    278 |   2668 |   6 |  599.8 |
               +--------+--------+--------+--------+--------+-----+--------+

Top non-repeatable levels by time:
     D:3: 946 daAuts
     D:1: 775 daAuts
     D:4: 716 daAuts
     D:2: 615 daAuts
     D:6: 493 daAuts
     D:5: 52 daAuts
